 Dungeon Crawl Stone Soup version 0.29.1-15-g9cfb28693d (webtiles) character file.

Game seed: 1029477880477062141

264 safid the Chiller (level 6, 0/47 HPs)
             Began as a Merfolk Ice Elementalist on Mar 31, 2023.
             Slain by a kobold
             ... wielding a +0 club
              (3 damage)
             ... on level 4 of the Dungeon.
             The game lasted 00:08:46 (3218 turns).

safid the Chiller (Merfolk Ice Elementalist)        Turns: 3218, Time: 00:08:46

Health: 0/47       AC: 11    Str:  8    XL:     6   Next: 19%
Magic:  2/11       EV: 12    Int: 22    God:
Gold:   133        SH:  0    Dex: 15    Spells: 5/12 levels left

rFire   . . .      SeeInvis .   v - +0 flail (vorpal)
rCold   . . .      Faith    .   (no shield)
rNeg    . . .      Spirit   .   a - +0 robe
rPois   .          Reflect  .   (no helmet)
rElec   .          Harm     .   (no cloak)
rCorr   .          Rampage  .   t - +0 pair of gloves
Will    .....      Archmagi +   (no boots)
Stlth   ++........              (no amulet)
HPRegen 0.15/turn               q - +6 ring of intelligence
MPRegen 0.12/turn               u - ring of the Mage {Wiz Archmagi}

@: ice-armoured
A: (nimble swimmer 2), mertail
a: no special abilities


You were on level 4 of the Dungeon.
You visited 1 branch of the dungeon, and saw 4 of its levels.

You collected 133 gold pieces.

Inventory:

Hand Weapons
 e - a +0 dagger
 v - a +0 vorpal flail (weapon)
Armour
 a - a +0 robe (worn)
 t - a +0 pair of gloves (worn)
Jewellery
 q - a +6 ring of intelligence (left hand)
 u - the ring of the Mage (right hand) {Wiz Archmagi}
   (You found it on level 3 of the Dungeon)

   [ring of wizardry]

   It improves your spell success rate.
   Archmagi:  It increases the power of your magical spells.
Scrolls
 d - a scroll of poison {unknown}
 f - 7 scrolls of identify {unknown}
 g - a scroll of fear {unknown}
 h - 4 scrolls of teleportation {unknown}
 i - a scroll of blinking {unknown}
 j - a scroll of summoning {unknown}
 k - a scroll of brand weapon {unknown}
 l - a scroll of torment {unknown}
 n - 2 scrolls of noise {unknown}
 o - a scroll of immolation {unknown}
 p - a scroll of magic mapping {unknown}
Potions
 b - 3 potions of magic
 c - 2 potions of resistance {unknown}
 m - 3 potions of heal wounds {unknown}
 r - a potion of haste {unknown}
 s - a potion of attraction {unknown}


   Skills:
 + Level 3.5 Fighting
 - Level 2.6 Dodging
 - Level 2.1 Stealth
 + Level 3.6 Spellcasting
 + Level 5.8 Ice Magic


You had 5 spell levels left.
You knew the following spells:

 Your Spells              Type           Power      Damage    Failure   Level
a - Freeze                Ice            100%       1d11      1%          1
b - Frozen Ramparts       Ice            88%        1d14      1%          3
c - Ozocubu's Armour      Ice            44%        N/A       1%          3

Your spell library contained the following spells:

 Spells                   Type           Power      Damage    Failure   Level
 Sandblast                Erth           12%        2d6       4%          1
 Passwall                 Tmut/Erth      5%         N/A       7%          2
 Stone Arrow              Conj/Erth      12%        3d7       14%         3
 Hailstorm                Conj/Ice       25%        3d7       14%         4


Dungeon Overview and Level Annotations

Branches:
Dungeon (4/15)
 Temple: D:4-7

Altars:
The Shining One

Annotations:
D:3 Grinder


Innate Abilities, Weirdness & Mutations

((You are very nimble when in or above water. (Stealth+, EV+, Speed+++)))
Your lower body shifts to a powerful aquatic tail in water.


Message History

The phantom is almost destroyed.
The phantom completely misses you.
The phantom hits you but does no damage.
The kobold hits you with a +0 club.
Unknown command.
You hit the phantom but do no damage.
The phantom is almost destroyed.
The phantom hits you.
* * * LOW HITPOINT WARNING * * *
The kobold closely misses you.
Unknown command.
You hit the phantom but do no damage.
The phantom is almost destroyed.
The kobold closely misses you. The phantom hits you.
* * * LOW HITPOINT WARNING * * *
The phantom blinks!
You blink.
Your icy armour cracks and falls away as you move.
The phantom hits you.
* * * LOW HITPOINT WARNING * * *
The phantom blinks!
You blink.
Unknown command.
Casting: Ozocubu's Armour (safe; 1% risk of failure)
Confirm with . or Enter, or press ? or * to list all spells.
You feel a surge of power! A film of ice covers your body!
The phantom closely misses you. The phantom hits you.
* * * LOW HITPOINT WARNING * * *
Unknown command.
You hit the phantom but do no damage.
The phantom is almost destroyed.
The phantom closely misses you.
You closely miss the phantom.
The phantom is almost destroyed.
The kobold misses you. The phantom hits you.
* * * LOW HITPOINT WARNING * * *
Unknown command.
You hit the phantom.
The phantom is almost destroyed.
The phantom misses you. The kobold hits you with a +0 club.
You die...

.## . ..# .
#.# .. .#
#.## #. .#
...#
#.#####.#
#..#
#..@....#
#..#
#.WK....#
...#
#.......####
##)#
#..[.........
#..#
#..[....#####
#.##
#..>....# #.#
#.!.....# #.#
##$.#...# #.#
?.##...#


You could see a phantom and a kobold.

Vanquished Creatures
  A black bear (D:4)
  3 gnolls (D:4)
  7 adders
  A worm (D:4)
  A dart slug (D:1)
  An orc (D:3)
  4 endoplasms
  A giant cockroach (D:4)
  5 goblins
  10 hobgoblins
  A jackal (D:4)
  8 quokkas
  9 ball pythons
  11 bats
  6 frilled lizards
  2 kobolds
  7 rats
78 creatures vanquished.

Notes
Turn   | Place    | Note
-------+----------+-------------------------------------------
     0 | D:1      | safid the Merfolk Ice Elementalist began the quest for the
                  | Orb.
     0 | D:1      | Reached XP level 1. HP: 13/13 MP: 3/3
   374 | D:1      | Reached XP level 2. HP: 19/20 MP: 0/5
   383 | D:1      | Reached skill level 1 in Fighting
   890 | D:1      | Reached XP level 3. HP: 24/26 MP: 3/6
  1363 | D:2      | Learned a level 3 spell: Frozen Ramparts
  1367 | D:2      | Learned a level 3 spell: Ozocubu's Armour
  1556 | D:2      | Found a glowing golden altar of the Shining One.
  1656 | D:2      | Reached skill level 5 in Ice Magic
  1656 | D:2      | Reached XP level 4. HP: 18/33 MP: 4/8
  2488 | D:3      | Noticed Grinder
  2691 | D:3      | Found a faded altar of an unknown god.
  2723 | D:3      | Found the ring of the Mage {Wiz Archmagi}
  2776 | D:3      | Reached XP level 5. HP: 34/39 MP: 6/9
  3135 | D:4      | Noticed a phantom
  3158 | D:4      | Noticed a black bear
  3167 | D:4      | Killed a black bear
  3168 | D:4      | Reached XP level 6. HP: 46/47 MP: 3/11
  3218 | D:4      | Slain by a kobold

Illustrated notes

Levels and vault maps discovered:
D:1:      lightli_arrival_statuegarden, layout_basic, minivault_25,
          minmay_octomino_j4
D:2:      layout_loops_ring, basic_altar, eino_curves_01, minmay_crystal_water,
          minmay_misc_feat_plants, st_stairs_2
D:3:      layout_rooms, dreamdust_ecumenical_altar_grove, uniq_grinder
D:4:      layout_loops_ring, enter_ossuary_5

Skill      XL: |  1  2  3  4  5 |
---------------+----------------+-----
Fighting       | 1 2 3 |  3.5
Ice Magic      | 5 |  5.8
Spellcasting   | 3 |  3.6
Dodging        | |  2.6
Stealth        | |  2.1

Action                   |  1- 3 |  4- 6 || total
-------------------------+-------+-------++-------
Melee: Dagger            |    56 |    40 ||    96
       Unarmed           |     1 |       ||     1
       Punch             |     1 |     1 ||     2
       Flail             |       |    37 ||    37
 Cast: Freeze            |    40 |    29 ||    69
       Frozen Ramparts   |       |     4 ||     4
       Ozocubu's Armour  |       |     4 ||     4
 Stab: Sleeping          |     7 |     2 ||     9
Armor: Robe              |    29 |    34 ||    63
Dodge: Dodged            |    69 |    96 ||   165
